AoeStats
← Turco Bain

Arabia

508163152Analyzed
1v1 RM · 12d ago on Sep 21, 2026· 21m 38s· 2 players
Game mode
Random Map
Map size
Tiny (2 player)
Population
200
Speed
Normal
Resources
Standard
Victory
Conquest
Starting age
Dark Age
Ending age
Imperial Age
RankedLock teamsTeams togetherTeam positionsShared explorationLock speedFull tech treeHidden civsTurbo modeCheats
Victory
Defeat
🇳🇿 Malay · New Zealand
1308
+15
🇷🇸 Japanese · Serbia
1283
-15
Turco Bain
7:01 Loom
9:49 Feudal Age
10:47 Double-Bit Axe
11:34 Horse Collar
19:33 Fletching
20:46 Wheelbarrow
maisey61
7:51 Loom
10:21 Feudal Age
10:37 Double-Bit Axe
10:34 Horse Collar
16:36 Town Watch
17:28 Wheelbarrow
21:45 Castle Age
20:59 Fletching
20:41 Crossbowman
21:30 Thumb Ring
21:43 Gold Mining
22:05 Bow Saw
Connection lost

Rejoining the realm…

Still unreachable

The connection could not be restored.

Session expired

The server has moved on; the page needs a fresh start.